Map: Terraformation EC (Void)

Players

Hephaistas

  • Race: Zerg Zerg
  • League: Master

zuka - Winner!

  • Race: Protoss Protoss
  • League: Diamond

VOD

Have the link to the VOD?

Description

Time

  • Played on: Sept. 20, 2015, 3:14 a.m.
  • Length: 6:25
Show
View Real Time Build Order
Export as new Build Order

Hephaistas Zerg 

Build Orders: Hatch First 

Get SALT Encoding   

  12  0:01  Drone  
  13  0:09  Drone  
  14  0:17  Overlord  
  14  0:24  Drone, Extractor  
  14  0:29  Extractor  
  14  0:30  Drone  
  16  0:37  Drone  
  17  0:55  Hatchery  
  16  0:59  Drone  
  16  1:00  Drone  
  18  1:11  Extractor  
  18  1:17  Spawning Pool  
  16  1:19  Drone  
  16  1:24  Drone  
  18  1:27  Drone  
  19  1:41  Overlord  
  19  1:53  Drone  
  20  2:02  Drone  
  20  2:04  Queen  
  20  2:06  Queen  
  20  2:07  Zergling x2  
  26  2:13  Metabolic Boost  
  26  2:15  Drone  
  27  2:21  Drone x2  
  29  2:29  Drone  
  30  2:31  Drone  
  31  2:41  Zergling x2  
  32  2:46  Zergling x2  
  32  2:50  Zergling x2  
  34  2:56  Overlord  
  34  3:01  Extractor  
  33  3:12  Drone x3  
  33  3:17  Drone x3  
  33  3:18  Drone x2  
  35  3:20  Drone  
  35  3:21  Drone x3  
  40  3:30  Drone  
  41  3:35  Drone  
  41  3:38  Hatchery  
  41  3:40  Queen  
  43  3:45  Roach Warren  
  43  3:47  Drone  
  43  3:49  Extractor  
  43  3:50  Overlord  
  42  3:58  Overlord  
  42  4:01  Drone x2  
  44  4:12  Drone x5  
  44  4:13  Drone  
  50  4:21  Overlord  
  50  4:24  Extractor  
  49  4:27  Roach x2  
  49  4:28  Roach  
  55  4:36  Roach x2  
  55  4:37  Overlord x2  
  59  4:44  Overlord  
  59  4:47  Lair  
  59  5:00  Roach x3  
  59  5:01  Roach x2  
  59  5:03  Zergling x4  
  69  5:08  Roach x2  
  65  5:14  Roach x2  
  65  5:18  Roach x2  
  65  5:20  Roach  
  73  5:26  Ravager  
  69  5:29  Roach  
  69  5:32  Zergling x2  
  70  5:36  Roach  
  68  5:46  Roach  
  68  5:47  Roach x2  
  69  5:52  Roach  
  69  5:54  Zergling x6  
  69  5:55  Zergling x2  
  69  5:56  Zergling x2  
  65  6:02  Roach  
  65  6:03  Roach  
  61  6:06  Zergling x4  
  61  6:07  Zergling x2  
Show
View Real Time Build Order
Export as new Build Order

zuka Protoss - Winner!

Build Orders:  

Get SALT Encoding   

  12  0:00  Probe (Chrono Boost)  
  13  0:13  Pylon  
  13  0:17  Probe (Chrono Boost)  
  14  0:27  Probe (Chrono Boost)  
  15  0:34  Gateway  
  15  0:37  Probe (Chrono Boost)  
  16  0:47  Probe (Chrono Boost)  
  16  0:49  Assimilator  
  17  0:53  Assimilator  
  17  0:57  Probe (Chrono Boost)  
  18  1:07  Probe (Chrono Boost)  
  18  1:11  Gateway  
  19  1:17  Probe (Chrono Boost)  
  20  1:23  Cybernetics Core  
  20  1:27  Probe (Chrono Boost)  
  21  1:37  Probe (Chrono Boost)  
  21  1:38  Pylon  
  22  1:46  Probe (Chrono Boost)  
  23  1:56  Probe (Chrono Boost)  
  23  1:59  Adept x2  
  28  2:03  Warp Gate (Chrono Boost)  
  28  2:06  Probe (Chrono Boost)  
  29  2:26  Nexus  
  29  2:33  Pylon  
  29  2:37  Mothership Core (Chrono Boost)  
  31  2:52  Robotics Facility  
  31  2:55  Probe  
  32  3:07  Probe  
  33  3:19  Probe  
  30  3:23  Gateway  
  30  3:25  Gateway  
  30  3:27  Gateway  
  30  3:31  Probe (Chrono Boost)  
  31  3:39  Probe (Chrono Boost)  
  32  3:41  Probe (Chrono Boost)  
  32  3:46  Warp Prism  
  35  3:49  Probe (Chrono Boost)  
  35  3:51  Probe (Chrono Boost)  
  37  3:59  Probe (Chrono Boost)  
  37  4:01  Probe (Chrono Boost)  
  39  4:05  Gateway  
  39  4:07  Gateway  
  39  4:12  Pylon  
  39  4:22  Adept x2  
  39  4:23  Adept  
  45  4:25  Adept  
  47  4:41  Pylon  
  51  4:47  Observer (Chrono Boost)  
  48  4:58  Adept x3  
  48  4:59  Stalker x2  
  58  5:03  Stalker x2  
  56  5:19  Stalker x3  
  62  5:24  Stalker x2  
  66  5:30  Pylon  
  66  5:42  Stalker x2  
  68  5:44  Zealot  
  68  5:45  Zealot x2  
  66  5:50  Zealot  
  62  5:58  Zealot  
  60  6:05  Stalker x2  
  60  6:10  Stalker  
  64  6:14  Adept  
  64  6:16  Zealot x2  
Tags
 
Add a new tag
Caveats
  • Supply blocks, unpowered buildings, or Contaminate may cause inaccurate times.
  • Supply counts are checked every 10 seconds.